 Dungeon Crawl Stone Soup version 0.24-a0-639-gb70a11d (webtiles) character file.

Game seed: 11054037711286803859, levelgen mode: deterministic

1866 Firecrotchwizard the Firebug (level 8, -9/55 (57) HPs)
             Began as a Pale Draconian Fire Elementalist on Sept 22, 2019.
             Was a Believer of Vehumet.
             Killed by divine providence
             ... invoked by an orc priest
              (14 damage)
             ... on level 6 of the Dungeon.
             The game lasted 00:15:27 (7030 turns).

Firecrotchwizard the Firebug (DrFE)                 Turns: 7030, Time: 00:15:28

HP:   -9/55 (57)    AC:  7    Str: 11    XL:     8   Next: 90%
MP:   12/17         EV: 12    Int: 17    God:    Vehumet [**....]
Gold: 326           SH:  0    Dex: 12    Spells: 6/19 levels left

rFire    . . .     SeeInvis .   l - +1 trident (venom)
rCold    . . .     Gourm    .   (no shield)
rNeg     . . .     Faith    .   (armour unavailable)
rPois    .         Spirit   .   (helmet restricted)
rElec    .         Reflect  .   j - +0 cloak
rCorr    .         Harm     .   (no gloves)
MR       .....                  (no boots)
Stlth    ++........             (no amulet)
HPRegen  0.18/turn              (no ring)
MPRegen  0.15/turn              (no ring)

@: slowed, lightly drained, very slow
A: breathe steam, unfitting armour, cold-blooded, AC +6
a: Breathe Steam, Renounce Religion


You were on level 6 of the Dungeon.
You worshipped Vehumet.
Vehumet was pleased with you.
You were hungry.

You visited 1 branch of the dungeon, and saw 6 of its levels.
You also visited: Sewer.

You collected 326 gold pieces.

Inventory:

Hand Weapons
 c - a +0 club
   (You took it off a hobgoblin on level 1 of the Dungeon)
 l - a +1 trident of venom (weapon)
   (You found it on level 2 of the Dungeon)
Armour
 j - a +0 cloak (worn)
   (You found it on level 3 of the Dungeon)
Jewellery
 w - an uncursed ring of fire {unknown}
   (You found it on level 5 of the Dungeon)
Wands
 p - a wand of clouds (8)
   (You found it on level 4 of the Dungeon)
 t - a wand of iceblast (8)
   (You found it on level 4 of the Dungeon)
Scrolls
 a - 6 scrolls of identify
 d - 3 scrolls of random uselessness {unknown}
 e - 2 scrolls of teleportation {unknown}
 h - 2 scrolls of fear {unknown}
 i - a scroll of immolation {unknown}
 k - 5 scrolls of remove curse {unknown}
 m - 3 scrolls of enchant weapon {unknown}
 o - a scroll of amnesia {unknown}
 u - a scroll of enchant armour {unknown}
 x - a scroll of noise {unknown}
 y - a scroll of magic mapping {unknown}
 E - 3 scrolls of brand weapon {unknown}
 F - a scroll of blinking {unknown}
Potions
 f - 2 potions of agility {unknown}
 g - 7 potions of heal wounds {unknown}
 n - a potion of brilliance {unknown}
 q - a potion of haste {unknown}
 r - a potion of invisibility {unknown}
 s - a potion of magic {unknown}
 v - a potion of cancellation {unknown}
 A - a potion of ambrosia {unknown}
 B - a potion of flight {unknown}
 C - 4 potions of might {unknown}
 D - a potion of curing {unknown}
Comestibles
 b - 6 rations


   Skills:
 - Level 1.7(1.3) Dodging
 - Level 1.7(1.3) Stealth
 + Level 6.1(5.7) Spellcasting
 + Level 7.2(6.7) Conjurations
 + Level 7.7(7.3) Fire Magic


You had 6 spell levels left.
You knew the following spells:

 Your Spells              Type           Power        Failure   Level  Hunger
a - Flame Tongue          Conj/Fire      ####.        1%          1    None
c - Conjure Flame         Conj/Fire      ####....     2%          3    ##.....
f - Fireball              Conj/Fire      ####......   21%         5    ######.
s - Sticky Flame          Conj/Fire      ####....     8%          4    ####...

Your spell library contained the following spells:

 Spells                   Type           Power        Failure   Level  Hunger
 Searing Ray              Conj           ####..       1%          2    #......
 Throw Flame              Conj/Fire      ####..       1%          2    #......
 Inner Flame              Hex/Fire       ###.....     9%          3    ##.....


Dungeon Overview and Level Annotations

Branches:
Dungeon (6/15)              Sewer (visited)
 Temple: D:4-7

Altars:
Makhleb
Nemelex Xobeh
Ru
Vehumet
Wu Jian

Annotations:
D:1 exclusion: 2 jackals


Innate Abilities, Weirdness & Mutations

You can breathe blasts of scalding, opaque steam.
Your pale cyan-grey scales are hard. (AC +6)
You cannot fit into any form of body armour.
You are cold-blooded and may be slowed by cold attacks.


Message History

The orc wizard blinks!
Attack whom?
Aim: a wight, wielding a +0 short sword and wearing a +0 robe (severely damaged)
You reach to attack!
You barely miss the wight.
Attack whom?
Aim: a wight, wielding a +0 short sword and wearing a +0 robe (severely damaged)
You reach to attack!
You barely miss the wight.
Attack whom?
Aim: a wight, wielding a +0 short sword and wearing a +0 robe (severely damaged)
You reach to attack!
You closely miss the wight.
Attack whom?
Aim: a wight, wielding a +0 short sword and wearing a +0 robe (severely damaged)
You reach to attack!
You barely miss the wight.
Attack whom?
Aim: a wight, wielding a +0 short sword and wearing a +0 robe (heavily damaged)
You reach to attack!
You completely miss the wight.
Attack whom?
Aim: a wight, wielding a +0 short sword and wearing a +0 robe (heavily damaged)
You reach to attack!
You barely miss the wight.
Attack whom?
Aim: a wight, wielding a +0 short sword and wearing a +0 robe (heavily damaged)
You reach to attack!
You puncture the wight!
You destroy the wight!
Vehumet accepts your kill.
Attack whom?
Aim: an orc wizard, wielding a +0 dagger and wearing a +0 robe You reach to attack!
You closely miss the orc wizard. The orc wizard casts a spell at you.
The magic dart hits you.
You take 6 damage, and have 42/55 hp.
You hit the orc wizard.
The orc wizard is poisoned.
The wight misses you.
The orc wizard hits you but does no damage.
The wight hits you from afar with a cursed +0 trident.
You barely miss the orc wizard. The orc wizard barely misses you.
The wight hits you but does no damage.
You closely miss the orc wizard. The orc wizard casts a spell at you.
You feel yourself slow down.
The wight hits you from afar with a cursed +0 trident.
You feel drained.
The orc wizard hits you but does no damage.
All of the chunks of flesh in your inventory have rotted away.
You take 1 damage, and have 41/55 hp.
Aim: an orc wizard, wielding a +0 dagger and wearing a +0 robe (heavily wounded, poisoned)
Okay, then.
Aim: an orc wizard, wielding a +0 dagger and wearing a +0 robe (heavily wounded, poisoned)
The flame tongue misses the orc wizard.
The flame tongue hits the wight.
An orc warrior comes into view. It is wielding a +0 glaive.
The wight closely misses you. The orc wizard casts a spell at you.
You feel as though you will be slow longer.
You now have 15/17 mp.
Aim: an orc wizard, wielding a +0 dagger and wearing a +0 robe (severely wounded, poisoned)
The flame tongue misses the orc wizard.
The flame tongue hits the wight but does no damage.
The orc warrior shouts!
You hear a shout!
An orc priest comes into view. It is wielding a +0 mace.
The wight hits you from afar with a cursed +0 trident!
You feel drained. The orc wizard closely misses you.
The wight barely misses you.
The orc wizard gestures wildly while chanting.
The orc wizard blinks!
You take 9 damage, and have 32/55 hp.
You now have 14/17 mp.
Aim: an orc wizard, wielding a +0 dagger and wearing a +0 robe (almost dead, poisoned)
The flame tongue hits the orc wizard.
You kill the orc wizard!
Vehumet accepts your kill. The wight completely misses you.
You don't know that spell.
The wight hits you with a cursed +0 trident.
Items here: ))) [ a +0 dagger x2; a +0 robe; a +2 dagger of venom You take 4 damage, and have 28/55 hp.
You don't know that spell.
Aim: a wight, wielding a +0 trident and wearing a +0 robe (lightly damaged)
The sticky flame hits the wight but does no damage.
The wight is covered in liquid flames!
The wight burns!
The orc warrior closely misses you.
The wight hits you with a cursed +0 trident!
An orc priest comes into view. It is wielding a +0 falchion.
The wight closely misses you. The orc warrior barely misses you.
You take 8 damage, and have 20/55 hp.
You now have 10/17 mp.
The wight burns! x2
An orc priest comes into view. It is wielding a +0 flail.
The wight hits you from afar with a cursed +0 trident.
You take 3 damage, and have 17/55 hp.
The wight burns!
You destroy the wight!
Vehumet accepts your kill.
You feel your power returning.
An orc wizard comes into view. It is wielding a +0 dagger.
Things that are here:
a +0 dagger; a +0 robe The worker ant barely misses you.
The orc priest calls down the wrath of Beogh upon you.
Beogh smites you!
* * * LOW HITPOINT WARNING * * *
The orc priest invokes the aid of Beogh against you.
Beogh smites you!
You die...

..#.. #.o #... #o#
#...# #o# #.#.###
#.## ### #.#.#.#
#..# .[.. ..#...#
##o###..# ..#..###
#.).....# #....#.#
#.a.....# #..##.##
##@.....# ...#.#.#
#......# .##.##.#
#......# .#.###.#
#......# #รท## #.#
##......# .## #.#
#.......# ##
#.########.#######
#........).#
############


You could see an orc warrior, a worker ant, an orc priest and an orc wizard.

Vanquished Creatures
  Sigmund (D:2)
  A water moccasin (D:6)
  An orc warrior (D:5)
  A necrophage (D:6)
  An ice beast (D:6)
  2 big kobolds (Sewer)
  2 bullfrogs
  A wyvern zombie (D:6)
  2 scorpions
  3 wights (D:6)
  A howler monkey (D:5)
  A bullfrog zombie (D:5)
  A jelly (D:6)
  A quasit (D:5)
  A bullfrog skeleton (D:5)
  4 orc priests (D:6)
  A hound (D:6)
  Jessica (D:3)
  2 orc wizards (D:6)
  5 worker ants
  9 adders
  5 river rats
  An ooze (D:3)
  An adder skeleton (D:4)
  6 worms
  2 dart slugs
  3 leopard geckos
  13 orcs
  9 bats
  5 giant cockroaches
  8 goblins
  8 hobgoblins
  9 jackals
  4 ball pythons
  8 frilled lizards
  21 kobolds
  A leopard gecko skeleton (D:5)
  28 rats
174 creatures vanquished.

Vanquished Creatures (others)
  A worm (D:4)
1 creature vanquished.

Grand Total: 175 creatures vanquished

Notes
Turn   | Place    | Note
-------+----------+-------------------------------------------
     0 | D:1      | Firecrotchwizard the Draconian Fire Elementalist began the
                  | quest for the Orb.
     0 | D:1      | Reached XP level 1. HP: 14/14 MP: 3/3
   389 | D:1      | Reached XP level 2. HP: 18/20 MP: 3/5
   839 | D:1      | Reached skill level 2 in Conjurations
  1201 | D:1      | Reached XP level 3. HP: 23/26 MP: 6/6
  1206 | D:1      | Learned a level 3 spell: Conjure Flame
  2045 | D:2      | Found a faded altar of an unknown god.
  2098 | D:2      | Noticed Sigmund
  2268 | D:2      | Reached XP level 4. HP: 33/33 MP: 7/7
  2292 | D:2      | Reached skill level 3 in Conjurations
  2396 | D:2      | Found a sparkling altar of Nemelex Xobeh.
  2498 | D:2      | Killed Sigmund
  2498 | D:2      | Reached skill level 3 in Spellcasting
  2498 | D:2      | Reached skill level 4 in Conjurations
  2498 | D:2      | Reached skill level 4 in Fire Magic
  2498 | D:2      | Reached XP level 5. HP: 38/38 MP: 7/9
  2632 | D:3      | Noticed Jessica
  2640 | D:3      | Killed Jessica
  2773 | D:3      | Reached XP level 6. HP: 45/45 MP: 10/10
  3334 | D:3      | Found an ornate altar of the Wu Jian Council.
  3434 | D:4      | Found a radiant altar of Vehumet.
  3445 | D:4      | Became a worshipper of Vehumet
  3690 | D:4      | Found a burning altar of Makhleb.
  4119 | D:5      | Entered Level 5 of the Dungeon
  4155 | D:5      | Found a sacrificial altar of Ru.
  4246 | D:5      | Reached skill level 5 in Conjurations
  4286 | D:5      | Your scales start taking on a pale cyan-grey colour.
  4286 | D:5      | Reached skill level 5 in Fire Magic
  4286 | D:5      | Reached XP level 7. HP: 39/50 MP: 12/12
  4377 | D:5      | Reached skill level 4 in Spellcasting
  4467 | D:5      | Learned a level 4 spell: Sticky Flame
  4888 | D:6      | Reached skill level 6 in Fire Magic
  5132 | D:6      | Reached * piety under Vehumet
  5132 | D:6      | Offered knowledge of Shock by Vehumet.
  5154 | D:5      | Reached XP level 8. HP: 26/57 MP: 13/15
  5323 | D:6      | Reached skill level 5 in Spellcasting
  5323 | D:6      | Reached skill level 6 in Conjurations
  5427 | D:6      | Found a glowing drain.
  5467 | Sewer    | Entered a sewer
  5898 | Sewer    | Reached ** piety under Vehumet
  5898 | Sewer    | Offered knowledge of Throw Frost by Vehumet.
  6005 | Sewer    | Learned a level 5 spell: Fireball
  6101 | Sewer    | Reached skill level 7 in Fire Magic
  6792 | D:6      | Offered knowledge of Searing Ray by Vehumet.
  6794 | D:6      | Reached skill level 7 in Conjurations
  6999 | D:6      | Reached skill level 6 in Spellcasting
  7030 | D:6      | HP: 5/55 [orc priest/divine providence (13)]
  7030 | D:6      | Killed from afar by an orc priest

Levels and vault maps discovered:
D:1:      scummos_arrival_gate, layout_loops_corners
D:2:      layout_basic, lemuel_doored_altar, chequers_ecumenical_altar_island,
          uniq_sigmund
D:3:      layout_loops_ring, lemuel_round_altar, uniq_jessica
D:4:      layout_basic, led_sif_book, fiery_altar_vehumet, bloody_makhleb
D:5:      layout_loops_ring, first_ration, nicolae_ru_awakened_eye
D:6:      wad_crossroads, layout_basic, cheibrodos_sewer_entry_sluice,
          minmay_misc_feat_hallway

Skill      XL: |  1  2  3  4  5  6  7  8 |
---------------+-------------------------+-----
Conjurations   | 2 4 5 7 |  7.2
Spellcasting   | 3 4 6 |  6.1
Fire Magic     | 4 5 6 7 |  7.7
Dodging        | |  1.7
Stealth        | |  1.7

Action                   |  1- 3 |  4- 6 |  7- 9 || total
-------------------------+-------+-------+-------++-------
Melee: Club              |   194 |       |       ||   194
       Tailslap          |    15 |     5 |    20 ||    40
       Trident           |     2 |   112 |   239 ||   353
 Cast: Flame Tongue      |    22 |    13 |    33 ||    68
       Conjure Flame     |     1 |       |     1 ||     2
       Sticky Flame      |       |       |     5 ||     5
 Abil: Breathe Steam     |       |       |     2 ||     2
  Use: Scroll            |     1 |       |       ||     1
 Stab: Sleeping          |     2 |     4 |     6 ||    12
       Distracted        |       |     3 |       ||     3
  Eat: Chunk             |     5 |     7 |     9 ||    21
Armor: Skin              |   100 |    22 |   111 ||   233
Dodge: Dodged            |   186 |    54 |   183 ||   423

Table legend:
 A = Non-vault XP
 B = Vault XP
 C = Vault XP percentage of total XP
 D = Non-vault monster count
 E = Vault monster count
 F = Vault count percentage of total count
                 A         B        C        D         E       F
            +---------+---------+-------+---------+---------+-------
      Total |    1952 |     714 |  26.8 |     119 |      55 |  31.6
            +---------+---------+-------+---------+---------+-------
        D:1 |      63 |       0 |   0.0 |      37 |       0 |   0.0
        D:2 |      67 |     212 |  76.0 |      20 |       1 |   4.8
        D:3 |      58 |      37 |  38.9 |      13 |       1 |   7.1
        D:4 |     252 |       0 |   0.0 |       9 |       0 |   0.0
        D:5 |     475 |       0 |   0.0 |      16 |       0 |   0.0
        D:6 |    1037 |     111 |   9.7 |      24 |       5 |  17.2
      Sewer |       0 |     354 | 100.0 |       0 |      48 | 100.0
            +---------+---------+-------+---------+---------+-------

Levels and vault maps discovered:
D:1:      scummos_arrival_gate, layout_loops_corners
D:2:      layout_basic, lemuel_doored_altar, chequers_ecumenical_altar_island,
          uniq_sigmund
D:3:      layout_loops_ring, lemuel_round_altar, uniq_jessica
D:4:      layout_basic, led_sif_book, fiery_altar_vehumet, bloody_makhleb
D:5:      layout_loops_ring, first_ration, nicolae_ru_awakened_eye
D:6:      wad_crossroads, layout_basic, cheibrodos_sewer_entry_sluice,
          minmay_misc_feat_hallway

Table legend:
 A = Turns spent in this place as a percentage of turns spent in the entire game.
 B = Non-inter-level travel turns spent in this place as a percentage of non-inter-level travel turns spent in the entire game.
 C = Inter-level travel turns spent in this place as a percentage of turns spent in this place.
 D = Turns resting spent in this place as a percentage of non-inter-level travel turns spent in this place.
 E = Turns spent auto-exploring this place as a percentage of non-inter-level travel turns spent in this place.
 F = Non-inter-level travel turns spent in this place divided by the number of levels of this place that you've seen.
                   A       B       C       D       E      F
               +-------+-------+-------+-------+-------+----------------------
         Total | 100.0 | 100.0 |   1.4 |  37.7 |  41.7 | 990.7
       Dungeon |  82.9 |  82.6 |   1.6 |  35.8 |  44.5 | 955.0
         Sewer |  17.1 |  17.4 |   0.0 |  46.7 |  28.2 | 1205.0
               +-------+-------+-------+-------+-------+----------------------

Table legend:
 A = Kills in this place as a percentage of kills in entire the game.
 B = Kills by you in this place as a percentage of kills by you in the entire game.
 C = Kills by friends in this place as a percentage of kills by friends in the entire game.
 D = Other kills in this place as a percentage of other kills in the entire game.
 E = Experience gained in this place as a percentage of experience gained in the entire game.
 F = Experience gained in this place divided by the number of levels of this place that you have seen.
                   A       B       C       D       E      F
               +-------+-------+-------+-------+-------+----------------------
         Total | 100.0 | 100.0 |   N/A |   N/A | 100.0 | 380.9
       Dungeon |  72.4 |  72.4 |   N/A |   N/A |  86.7 | 385.3
         Sewer |  27.6 |  27.6 |   N/A |   N/A |  13.3 | 354.0
               +-------+-------+-------+-------+-------+----------------------
